Senateurs vs Whalers

Created - 13 décembre 2023 at 19:49

Goals
1 2 3 T
Senateurs 2 0 0 2
Whalers 1 1 1 3
Shots
1 2 3 T
Senateurs 19 7 11 37
Whalers 12 16 9 37

GoalsPenalties
1st period
1. Senateurs , Steven Stamkos 15 (Jared McCann 19, Andre Burakovsky 11) at 13:23 (PP)
2. Senateurs , Nicholas Paul 5 (Artem Zub 10, Jakub Voracek 10) at 17:58 (PP)
3. Whalers , Shane Pinto 7 (David Savard 8) at 18:30
Justin Faulk (HAR) for Holding (Minor) at 13:08
Jacob Middleton (HAR) for Hooking (Minor) at 17:17
2nd period
4. Whalers , Reilly Smith 5 (Shane Pinto 12, Bryan Rust 10) at 2:13
Michael Anderson (OTT) for Slashing (Minor) at 16:53
3rd period
5. Whalers , Reilly Smith 6 (Bryan Rust 11, Shane Pinto 13) at 7:29
No Penalty
Goalie Stats
Ilya Sorokin (OTT), 34 saves from 37 shots - (0,919), L, 10-5-2, 59:02 minutes
Jacob Markstrom (HAR), 35 saves from 37 shots - (0,946), W, 9-5-5, 60:00 minutes
3 StarsOfficial
1 - Shane Pinto (HAR)
2 - Reilly Smith (HAR)
3 - Bryan Rust (HAR)
Referees : Corey Syvret and Justin St. Pierre
Linesman : Luke Galvin and Steve Miller
Game Note
No Game Note
Finance
Level 1 -- Attendance: 3157 (52,62%) -- Ticket Income $473,550
Level 2 -- Attendance: 2000 (40,00%) -- Ticket Income $250,000
Level 3 -- Attendance: 800 (40,00%) -- Ticket Income $96,000
Level 4 -- Attendance: 1600 (40,00%) -- Ticket Income $128,000
Luxury Box -- Attendance: 400 (40,00%) -- Ticket Income $200,000
Game was played at the The Pound.
Total Attendance: 7957 (44,21%)
Total Ticket Income: $1,147,550
Other Income: $562,300
Total Income: $1,709,850



Team Name Goals Shots Shots Attemp Shots Blocked PIM HIT PP PK FO%
Senateurs 23777132132 / 2 (100%)059%
Whalers 33762194200 / 1 (0%)241%

Senateurs
Player Name POS G A P +/- PIM HIT SHT SB MP PP MP PP SHT PK MP PK SHT FO% FOT GA TA
Alexander KerfootC/LW/RW0000001014:480:0001:1700% 000
Andre BurakovskyLW/RW011-2013018:350:1500:1900% 012
Artem ZubD011-1001118:490:2910:3700% 003
Casey CizikasC/LW0000021014:070:0000:23067% 610
Colton SissonsC/RW000-1023015:420:0001:17067% 1200
Dougie HamiltonD000-2004223:530:2701:2200% 011
Eric RobinsonLW/RW0000002011:140:0000:2300% 010
Evan BouchardD0000013018:270:2700:0000% 000
Jakub VoracekLW/RW011-1012115:190:4100:0000% 010
Jared McCannC/LW/RW011-2002218:480:1500:1900% 311
Logan ShawC/RW0000021010:420:0000:00071% 700
Michael AndersonD000-2201321:300:0000:0000% 000
Nicholas PaulC/LW1010022014:160:4110:0000% 310
Nick CicekD000-1010018:490:2900:3700% 001
Nick HoldenD0000013418:400:0001:2200% 000
Philipp KurashevC/LW/RW0000001010:420:0000:0000% 000
Steven StamkosC/LW/RW101-2005018:200:1520:00065% 2300
Vinni LettieriC/RW000-1002015:190:4100:0000% 000
Whalers
Player Name POS G A P +/- PIM HIT SHT SB MP PP MP PP SHT PK MP PK SHT FO% FOT GA TA
Bryan RustLW/RW0223005017:231:0200:0000% 000
David SavardD0111011022:270:5000:5600% 002
Drake BathersonC/RW0000001018:170:3100:00014% 1411
Jacob MiddletonD0001222421:030:5000:1500% 000
Justin FaulkD0001220222:081:0900:0000% 012
Kyle BurroughsD0001031015:240:0000:0000% 000
Max PaciorettyLW0000024113:260:0000:0000% 000
Nikita OkhotiukD000000000:000:0000:0000% 000
Oskar SundqvistC/LW/RW0000024113:260:0000:0000% 100
Pierre-edouard BellemareC/LW/RW0000020110:530:3900:42050% 220
Reilly SmithLW/RW2023004017:371:0200:1400% 120
Riley NashC/RW0000002113:260:0000:00050% 600
Scott MayfieldD0001031423:321:0900:4100% 000
Sean WalkerD0001001215:240:0000:0000% 001
Shane PintoC1233013017:231:0200:00060% 2500
Timo MeierLW/RW0000004319:390:2400:14033% 300
Trevor LewisC/LW/RW000002108:170:0000:0000% 000
Ty DellandreaC/RW0000000010:400:2600:4200% 100
Vladimir TarasenkoRW0000003018:170:3100:0000% 121
Zack KassianRW000000000:200:2000:0000% 000

Senateurs

5 vs 5 Forward
Line #Left WingCenterRight WingPHYDFOFWanted %Time %Time Play
1Andre BurakovskySteven StamkosJared McCann1223130%16:46
2Jakub VoracekColton SissonsVinni Lettieri1222726%14:47
3Nicholas PaulCasey CizikasAlexander Kerfoot1222324%13:35
4Philipp KurashevLogan ShawEric Robinson1221919%10:42
5 vs 5 Defense
Line #DefenseDefensePHYDFOFWanted %Time %Time Play
1Dougie HamiltonMichael Anderson1223637%20:49
2Nick HoldenEvan Bouchard1223331%17:27
3Artem ZubNick Cicek1223131%17:34
4Dougie HamiltonNick Cicek12200%0:00
Power Play Forward
Line #Left WingCenterRight WingPHYDFOFWanted %Time %Time Play
1Andre BurakovskySteven StamkosJared McCann1226027%0:15
2Jakub VoracekNicholas PaulVinni Lettieri1224073%0:41
Power Play Defense
Line #DefenseDefensePHYDFOFWanted %Time %Time Play
1Dougie HamiltonEvan Bouchard1226048%0:27
2Artem ZubNick Cicek1224052%0:29
Penalty Kill 4 Players Forward
Line #CenterWingPHYDFOFWanted %Time %Time Play
1Colton SissonsAlexander Kerfoot1226081%1:36
2Casey CizikasEric Robinson1224019%0:23
Penalty Kill 4 Players Defense
Line #DefenseDefensePHYDFOFWanted %Time %Time Play
1Nick HoldenMichael Anderson1226069%1:22
2Artem ZubNick Cicek1224031%0:37
Penalty Kill 3 Players
Line #WingPHYDFOFWanted %Time %Time PlayDefenseDefensePHYDFOFWanted %Time %Time Play
1Colton Sissons122600%0:00 Nick HoldenMichael Anderson122600%0:00
2Casey Cizikas122400%0:00 Artem ZubNick Cicek122400%0:00
4 vs 4 Forward
Line #CenterWingPHYDFOFWanted %Time %Time Play
1Steven StamkosJared McCann122600%0:00
2Colton SissonsAndre Burakovsky122400%0:00
4 vs 4 Defense
Line #DefensePHYDFOFWanted %Time %Time Play
1Dougie HamiltonMichael Anderson122600%0:00
2Evan BouchardNick Holden122400%0:00
Last Minutes Offensive
Left WingCenterRight WingDefenseDefense
Jared McCannSteven StamkosAndre BurakovskyDougie HamiltonEvan Bouchard
Last Minutes Defensive
Left WingCenterRight WingDefenseDefense
Casey CizikasColton SissonsAlexander KerfootNick HoldenMichael Anderson
Time
Total ForwardTotal DefenseLast Minutes OffensiveLast Minutes Defensive
60:00 60:00 1:150:00
Extra Forwards
Normal PowerPlayPenalty Kill
Colton Sissons, Steven Stamkos, Eric RobinsonSteven Stamkos, Vinni LettieriColton Sissons
Extra Defensemen
Normal PowerPlayPenalty Kill
Artem Zub, Dougie Hamilton, Michael AndersonDougie Hamilton, Dougie HamiltonMichael Anderson
Penalty Shots
Steven Stamkos, Jared McCann, Jakub Voracek, Dougie Hamilton, Alexander Kerfoot
Goalie
Ilya Sorokin, Cam Talbot
Custom OT Lines Forwards
Steven Stamkos, Jared McCann, Andre Burakovsky, Colton Sissons, Vinni Lettieri, Jakub Voracek, Casey Cizikas, Nicholas Paul, Alexander Kerfoot, Philipp Kurashev
Custom OT Lines Defensemen
Dougie Hamilton, Michael Anderson, Evan Bouchard, Nick Holden, Artem Zub
Scratches
Ryan Hartman (Suspend), Devin Shore (Healthy), Mark Friedman (Healthy), Jake Muzzin (Bruised Left Arm Injury)

Whalers

5 vs 5 Forward
Line #Left WingCenterRight WingPHYDFOFWanted %Time %Time Play
1Timo MeierDrake BathersonVladimir Tarasenko0233532%17:46
2Reilly SmithShane PintoBryan Rust0233229%16:21
3Max PaciorettyRiley NashOskar Sundqvist0232624%13:26
4Trevor LewisPierre-edouard BellemareTy Dellandrea023715%8:17
5 vs 5 Defense
Line #DefenseDefensePHYDFOFWanted %Time %Time Play
1Justin FaulkScott Mayfield0323737%20:27
2Jacob MiddletonDavid Savard0323736%19:59
3Sean WalkerKyle Burroughs0322628%15:24
4Justin FaulkDavid Savard12200%0:00
Power Play Forward
Line #Left WingCenterRight WingPHYDFOFWanted %Time %Time Play
1Timo MeierDrake BathersonVladimir Tarasenko0055045%0:54
2Reilly SmithShane PintoBryan Rust0055055%1:05
Power Play Defense
Line #DefenseDefensePHYDFOFWanted %Time %Time Play
1Justin FaulkScott Mayfield0325058%1:09
2Jacob MiddletonDavid Savard0325042%0:50
Penalty Kill 4 Players Forward
Line #CenterWingPHYDFOFWanted %Time %Time Play
1Pierre-edouard BellemareTy Dellandrea0415075%0:42
2Timo MeierReilly Smith0415025%0:14
Penalty Kill 4 Players Defense
Line #DefenseDefensePHYDFOFWanted %Time %Time Play
1David SavardJacob Middleton05050100%0:56
2Scott MayfieldKyle Burroughs050500%0:00
Penalty Kill 3 Players
Line #WingPHYDFOFWanted %Time %Time PlayDefenseDefensePHYDFOFWanted %Time %Time Play
1Pierre-edouard Bellemare050500%0:00 David SavardJacob Middleton050500%0:00
2Pierre-edouard Bellemare050500%0:00 Scott MayfieldKyle Burroughs050500%0:00
4 vs 4 Forward
Line #CenterWingPHYDFOFWanted %Time %Time Play
1Drake BathersonTimo Meier023500%0:00
2Oskar SundqvistReilly Smith023500%0:00
4 vs 4 Defense
Line #DefensePHYDFOFWanted %Time %Time Play
1Kyle BurroughsSean Walker032600%0:00
2Jacob MiddletonDavid Savard032400%0:00
Last Minutes Offensive
Left WingCenterRight WingDefenseDefense
Timo MeierDrake BathersonVladimir TarasenkoJustin FaulkScott Mayfield
Last Minutes Defensive
Left WingCenterRight WingDefenseDefense
Reilly SmithPierre-edouard BellemareTy DellandreaDavid SavardScott Mayfield
Time
Total ForwardTotal DefenseLast Minutes OffensiveLast Minutes Defensive
60:00 60:00 0:001:15
Extra Forwards
Normal PowerPlayPenalty Kill
Timo Meier, Vladimir Tarasenko, Reilly SmithTy Dellandrea, Reilly SmithShane Pinto
Extra Defensemen
Normal PowerPlayPenalty Kill
Justin Faulk, David Savard, Jacob MiddletonScott Mayfield, Scott MayfieldKyle Burroughs
Penalty Shots
Bryan Rust, Drake Batherson, Vladimir Tarasenko, Reilly Smith, Timo Meier
Goalie
Jacob Markstrom, Jake Allen
Custom OT Lines Forwards
Drake Batherson, Timo Meier, Vladimir Tarasenko, Reilly Smith, Bryan Rust, Shane Pinto, Max Pacioretty, Pierre-edouard Bellemare, Ty Dellandrea, Oskar Sundqvist
Custom OT Lines Defensemen
Justin Faulk, David Savard, Jacob Middleton, Scott Mayfield, Kyle Burroughs
Scratches
Jack McBain (Bruised Left Leg Injury), Adam Cracknell (Suspend)


Play-by-Play

1st period


0:01 of 1st period - Steven Stamkos wins face-off versus Vladimir Tarasenko in neutral zone.
0:14 of 1st period - Snap shot by Steven Stamkos.
0:14 of 1st period - Stopped by Jacob Markstrom with a rebound.
0:26 of 1st period - Colton Sissons is hit by Justin Faulk and loses puck.
1:17 of 1st period - Wrist shot by Trevor Lewis.
1:17 of 1st period - Shot Blocked by Nick Holden.
2:54 of 1st period - Steven Stamkos is hit by Kyle Burroughs and loses puck.
2:59 of 1st period - Snap shot by Vladimir Tarasenko.
2:59 of 1st period - Stopped by Ilya Sorokin with a rebound.
3:23 of 1st period - Colton Sissons is hit by Jacob Middleton and loses puck.
3:42 of 1st period - Michael Anderson is hit by Kyle Burroughs and loses puck.
4:09 of 1st period - Pierre-edouard Bellemare is hit by Logan Shaw.
4:16 of 1st period - Icing by Philipp Kurashev.
4:17 of 1st period - Drake Batherson wins face-off versus Jared McCann in Senateurs zone.
4:22 of 1st period - Snap shot by Timo Meier.
4:22 of 1st period - Shot Blocked by Nick Holden.
4:32 of 1st period - Snap shot by Drake Batherson.
4:32 of 1st period - Shot Misses the Net.
4:34 of 1st period - Slapshot by Jacob Middleton.
4:34 of 1st period - Stopped by Ilya Sorokin without a rebound.
4:35 of 1st period - Colton Sissons wins face-off versus Shane Pinto in Senateurs zone.
6:56 of 1st period - Snap shot by Bryan Rust.
6:56 of 1st period - Shot Misses the Net.
7:10 of 1st period - Snap shot by Eric Robinson.
7:10 of 1st period - Stopped by Jacob Markstrom without a rebound.
7:11 of 1st period - Logan Shaw wins face-off versus Drake Batherson in Whalers zone.
7:32 of 1st period - Slapshot by Philipp Kurashev.
7:32 of 1st period - Shot Blocked by Jacob Middleton.
7:34 of 1st period - Snap shot by Eric Robinson.
7:34 of 1st period - Stopped by Jacob Markstrom with a rebound.
7:36 of 1st period - Wrist shot by Philipp Kurashev.
7:36 of 1st period - Shot Misses the Net.
7:38 of 1st period - Wrist shot by Philipp Kurashev.
7:38 of 1st period - Stopped by Jacob Markstrom without a rebound.
7:39 of 1st period - Steven Stamkos wins face-off versus Shane Pinto in Whalers zone.
7:52 of 1st period - Slapshot by Jared McCann.
7:52 of 1st period - Shot Misses the Net.
7:54 of 1st period - Slapshot by Nick Holden.
7:54 of 1st period - Stopped by Jacob Markstrom without a rebound.
7:55 of 1st period - Casey Cizikas wins face-off versus Riley Nash in Whalers zone.
8:36 of 1st period - Icing by Sean Walker.
8:37 of 1st period - Logan Shaw wins face-off versus Timo Meier in Whalers zone.
8:50 of 1st period - Backhand shot by Philipp Kurashev.
8:50 of 1st period - Shot Misses the Net.
8:52 of 1st period - Slapshot by Nick Holden.
8:52 of 1st period - Stopped by Jacob Markstrom with a rebound.
9:24 of 1st period - Slapshot by Dougie Hamilton.
9:24 of 1st period - Shot Misses the Net.
9:26 of 1st period - Slapshot by Colton Sissons.
9:26 of 1st period - Stopped by Jacob Markstrom without a rebound.
9:27 of 1st period - Riley Nash wins face-off versus Colton Sissons in Whalers zone.
9:54 of 1st period - Slapshot by Drake Batherson.
9:54 of 1st period - Stopped by Ilya Sorokin without a rebound.
9:55 of 1st period - Casey Cizikas wins face-off versus Drake Batherson in Senateurs zone.
9:55 of 1st period - Casey Cizikas is hit by Justin Faulk.
10:56 of 1st period - Scott Mayfield is hit by Casey Cizikas and loses puck.
11:27 of 1st period - Snap shot by Nicholas Paul.
11:27 of 1st period - Shot Blocked by Timo Meier.
11:29 of 1st period - Snap shot by Casey Cizikas.
11:29 of 1st period - Stopped by Jacob Markstrom with a rebound.
11:31 of 1st period - Slapshot by Evan Bouchard.
11:31 of 1st period - Stopped by Jacob Markstrom with a rebound.
11:33 of 1st period - Slapshot by Casey Cizikas.
11:33 of 1st period - Shot Misses the Net.
11:35 of 1st period - Snap shot by Nick Holden.
11:35 of 1st period - Shot Blocked by Timo Meier.
12:09 of 1st period - Snap shot by Alexander Kerfoot.
12:09 of 1st period - Stopped by Jacob Markstrom with a rebound.
12:59 of 1st period - Snap shot by Timo Meier.
12:59 of 1st period - Shot Blocked by Nick Holden.
13:08 of 1st period - Minor Penalty to Justin Faulk for Holding.
13:09 of 1st period - Steven Stamkos wins face-off versus Ty Dellandrea in Whalers zone.
13:19 of 1st period - Wrist shot by Jared McCann.
13:19 of 1st period - Deflect By Steven Stamkos.
13:19 of 1st period - Stopped by Jacob Markstrom with a rebound.
13:21 of 1st period - Snap shot by Andre Burakovsky.
13:21 of 1st period - Shot Misses the Net.
13:23 of 1st period - Wrist shot by Jared McCann.
13:23 of 1st period - Deflect By Steven Stamkos.
13:23 of 1st period - Goal by Steven Stamkos - Senateurs : 1 - Whalers : 0.
13:24 of 1st period - Steven Stamkos wins face-off versus Shane Pinto in neutral zone.
14:08 of 1st period - Michael Anderson is hit by Trevor Lewis and loses puck.
14:17 of 1st period - Snap shot by Trevor Lewis.
14:17 of 1st period - Stopped by Ilya Sorokin with a rebound.
14:48 of 1st period - Slapshot by Oskar Sundqvist.
14:48 of 1st period - Deflect By Max Pacioretty.
14:48 of 1st period - Stopped by Ilya Sorokin without a rebound.
14:49 of 1st period - Pierre-edouard Bellemare wins face-off versus Steven Stamkos in Senateurs zone.
15:46 of 1st period - Slapshot by Dougie Hamilton.
15:46 of 1st period - Stopped by Jacob Markstrom without a rebound.
15:47 of 1st period - Shane Pinto wins face-off versus Steven Stamkos in Whalers zone.
15:52 of 1st period - Snap shot by Bryan Rust.
15:52 of 1st period - Stopped by Ilya Sorokin with a rebound.
15:54 of 1st period - Snap shot by Reilly Smith.
15:54 of 1st period - Shot Blocked by Jared McCann.
15:56 of 1st period - Snap shot by Reilly Smith.
15:56 of 1st period - Shot Blocked by Jared McCann.
16:06 of 1st period - Icing by Nick Cicek.
16:07 of 1st period - Riley Nash wins face-off versus Steven Stamkos in Senateurs zone.
16:08 of 1st period - Snap shot by Oskar Sundqvist.
16:08 of 1st period - Stopped by Ilya Sorokin with a rebound.
16:54 of 1st period - Wrist shot by Jared McCann.
16:54 of 1st period - Stopped by Jacob Markstrom with a rebound.
16:56 of 1st period - Snap shot by Andre Burakovsky.
16:56 of 1st period - Stopped by Jacob Markstrom with a rebound.
16:58 of 1st period - Backhand shot by Andre Burakovsky.
16:58 of 1st period - Shot Misses the Net.
17:12 of 1st period - Snap shot by Jared McCann.
17:12 of 1st period - Shot Blocked by Sean Walker.
17:14 of 1st period - Snap shot by Andre Burakovsky.
17:14 of 1st period - Stopped by Jacob Markstrom without a rebound.
17:15 of 1st period - Shane Pinto wins face-off versus Colton Sissons in Whalers zone.
17:17 of 1st period - Minor Penalty to Jacob Middleton for Hooking.
17:18 of 1st period - Timo Meier wins face-off versus Nicholas Paul in Whalers zone.
17:54 of 1st period - Slapshot by Nicholas Paul.
17:54 of 1st period - Shot Misses the Net.
17:56 of 1st period - Backhand shot by Artem Zub.
17:56 of 1st period - Stopped by Jacob Markstrom with a rebound.
17:58 of 1st period - Snap shot by Nicholas Paul.
17:58 of 1st period - Goal by Nicholas Paul - Senateurs : 2 - Whalers : 0.
17:59 of 1st period - Shane Pinto wins face-off versus Steven Stamkos in neutral zone.
18:08 of 1st period - Wrist shot by Shane Pinto.
18:08 of 1st period - Deflect By Jared McCann.
18:08 of 1st period - Stopped by Ilya Sorokin without a rebound.
18:09 of 1st period - Shane Pinto wins face-off versus Steven Stamkos in Senateurs zone.
18:20 of 1st period - Wrist shot by Bryan Rust.
18:20 of 1st period - Stopped by Ilya Sorokin without a rebound.
18:21 of 1st period - Colton Sissons wins face-off versus Shane Pinto in Senateurs zone.
18:30 of 1st period - Snap shot by Shane Pinto.
18:30 of 1st period - Goal by Shane Pinto - Senateurs : 2 - Whalers : 1.
18:31 of 1st period - Shane Pinto wins face-off versus Logan Shaw in neutral zone.
18:34 of 1st period - Wrist shot by Bryan Rust.
18:34 of 1st period - Stopped by Ilya Sorokin without a rebound.
18:35 of 1st period - Logan Shaw wins face-off versus Shane Pinto in Senateurs zone.
19:28 of 1st period - Snap shot by Vinni Lettieri.
19:28 of 1st period - Stopped by Jacob Markstrom without a rebound.
19:29 of 1st period - Colton Sissons wins face-off versus Oskar Sundqvist in Whalers zone.
19:48 of 1st period - Slapshot by Riley Nash.
19:48 of 1st period - Stopped by Ilya Sorokin without a rebound.
19:49 of 1st period - Shane Pinto wins face-off versus Steven Stamkos in Senateurs zone.
19:54 of 1st period - Snap shot by Shane Pinto.
19:54 of 1st period - Shot Misses the Net.
Goals for this period are 2 for Senateurs vs 1 for Whalers.
Shots for this period are 19 for Senateurs vs 12 for Whalers.

2nd period


0:01 of 2nd period - Shane Pinto wins face-off versus Steven Stamkos in neutral zone.
0:54 of 2nd period - Snap shot by Oskar Sundqvist.
0:54 of 2nd period - Stopped by Ilya Sorokin with a rebound.
0:56 of 2nd period - Slapshot by David Savard.
0:56 of 2nd period - Stopped by Ilya Sorokin with a rebound.
0:58 of 2nd period - Slapshot by David Savard.
0:58 of 2nd period - Shot Blocked by Artem Zub.
1:32 of 2nd period - Wrist shot by Steven Stamkos.
1:32 of 2nd period - Shot Misses the Net.
1:40 of 2nd period - Slapshot by Steven Stamkos.
1:40 of 2nd period - Shot Misses the Net.
2:01 of 2nd period - Slapshot by Vladimir Tarasenko.
2:01 of 2nd period - Deflect By Drake Batherson.
2:01 of 2nd period - Shot Misses the Net.
2:01 of 2nd period - Puck is out of play.
2:02 of 2nd period - Shane Pinto wins face-off versus Jared McCann in Senateurs zone.
2:05 of 2nd period - Snap shot by Reilly Smith.
2:05 of 2nd period - Shot Misses the Net.
2:07 of 2nd period - Slapshot by Bryan Rust.
2:07 of 2nd period - Stopped by Ilya Sorokin with a rebound.
2:11 of 2nd period - Snap shot by Reilly Smith.
2:11 of 2nd period - Deflect By Shane Pinto.
2:11 of 2nd period - Stopped by Ilya Sorokin with a rebound.
2:13 of 2nd period - Slapshot by Reilly Smith.
2:13 of 2nd period - Goal by Reilly Smith - Senateurs : 2 - Whalers : 2.
2:14 of 2nd period - Shane Pinto wins face-off versus Steven Stamkos in neutral zone.
2:17 of 2nd period - Slapshot by David Savard.
2:17 of 2nd period - Shot Blocked by Michael Anderson.
2:41 of 2nd period - Riley Nash is hit by Jakub Voracek and loses puck.
2:48 of 2nd period - Slapshot by Dougie Hamilton.
2:48 of 2nd period - Shot Blocked by Jacob Middleton.
2:50 of 2nd period - Snap shot by Jakub Voracek.
2:50 of 2nd period - Stopped by Jacob Markstrom without a rebound.
2:51 of 2nd period - Colton Sissons wins face-off versus Drake Batherson in Whalers zone.
2:52 of 2nd period - Snap shot by Jakub Voracek.
2:52 of 2nd period - Stopped by Jacob Markstrom with a rebound.
3:07 of 2nd period - Snap shot by Drake Batherson.
3:07 of 2nd period - Deflect By Vladimir Tarasenko.
3:07 of 2nd period - Shot Misses the Net.
3:07 of 2nd period - Puck is out of play.
3:08 of 2nd period - Steven Stamkos wins face-off versus Reilly Smith in Senateurs zone.
3:38 of 2nd period - Slapshot by Dougie Hamilton.
3:38 of 2nd period - Shot Misses the Net.
3:44 of 2nd period - Dougie Hamilton is hit by Oskar Sundqvist and loses puck.
3:57 of 2nd period - Snap shot by Eric Robinson.
3:57 of 2nd period - Shot Blocked by Scott Mayfield.
5:03 of 2nd period - Snap shot by Colton Sissons.
5:03 of 2nd period - Stopped by Jacob Markstrom with a rebound.
5:05 of 2nd period - Slapshot by Nick Holden.
5:05 of 2nd period - Shot Blocked by Scott Mayfield.
5:07 of 2nd period - Wrist shot by Vinni Lettieri.
5:07 of 2nd period - Stopped by Jacob Markstrom with a rebound.
6:09 of 2nd period - Wrist shot by Shane Pinto.
6:09 of 2nd period - Shot Blocked by Michael Anderson.
6:11 of 2nd period - Snap shot by Reilly Smith.
6:11 of 2nd period - Stopped by Ilya Sorokin with a rebound.
6:25 of 2nd period - Snap shot by Andre Burakovsky.
6:25 of 2nd period - Stopped by Jacob Markstrom with a rebound.
6:27 of 2nd period - Wrist shot by Jared McCann.
6:27 of 2nd period - Shot Blocked by Riley Nash.
6:29 of 2nd period - Slapshot by Michael Anderson.
6:29 of 2nd period - Deflect By Steven Stamkos.
6:29 of 2nd period - Stopped by Jacob Markstrom with a rebound.
7:24 of 2nd period - Snap shot by Reilly Smith.
7:24 of 2nd period - Stopped by Ilya Sorokin without a rebound.
7:25 of 2nd period - Shane Pinto wins face-off versus Jared McCann in Senateurs zone.
7:26 of 2nd period - Snap shot by Bryan Rust.
7:26 of 2nd period - Stopped by Ilya Sorokin with a rebound.
7:36 of 2nd period - Slapshot by Reilly Smith.
7:36 of 2nd period - Shot Misses the Net.
9:14 of 2nd period - Wrist shot by Jakub Voracek.
9:14 of 2nd period - Shot Blocked by Justin Faulk.
9:16 of 2nd period - Wrist shot by Vinni Lettieri.
9:16 of 2nd period - Shot Blocked by Scott Mayfield.
9:55 of 2nd period - Nicholas Paul is hit by Kyle Burroughs and loses puck.
10:02 of 2nd period - Bryan Rust is hit by Nick Cicek and loses puck.
10:35 of 2nd period - Slapshot by Max Pacioretty.
10:35 of 2nd period - Stopped by Ilya Sorokin with a rebound.
10:37 of 2nd period - Backhand shot by Jacob Middleton.
10:37 of 2nd period - Stopped by Ilya Sorokin without a rebound.
10:38 of 2nd period - Colton Sissons wins face-off versus Riley Nash in Senateurs zone.
10:38 of 2nd period - Colton Sissons is hit by Jacob Middleton.
10:54 of 2nd period - Wrist shot by Oskar Sundqvist.
10:54 of 2nd period - Deflect By Max Pacioretty.
10:54 of 2nd period - Stopped by Ilya Sorokin without a rebound.
10:55 of 2nd period - Steven Stamkos wins face-off versus Drake Batherson in Senateurs zone.
11:47 of 2nd period - Wrist shot by Philipp Kurashev.
11:47 of 2nd period - Shot Misses the Net.
11:49 of 2nd period - Snap shot by Eric Robinson.
11:49 of 2nd period - Shot Blocked by Max Pacioretty.
11:51 of 2nd period - Slapshot by Dougie Hamilton.
11:51 of 2nd period - Shot Blocked by Jacob Middleton.
12:09 of 2nd period - Artem Zub is hit by Trevor Lewis and loses puck.
12:35 of 2nd period - Snap shot by Steven Stamkos.
12:35 of 2nd period - Stopped by Jacob Markstrom with a rebound.
12:45 of 2nd period - Wrist shot by Vladimir Tarasenko.
12:45 of 2nd period - Stopped by Ilya Sorokin without a rebound.
12:46 of 2nd period - Colton Sissons wins face-off versus Shane Pinto in Senateurs zone.
13:30 of 2nd period - Wrist shot by Reilly Smith.
13:30 of 2nd period - Shot Blocked by Nick Holden.
13:50 of 2nd period - Slapshot by Reilly Smith.
13:50 of 2nd period - Shot Misses the Net.
13:52 of 2nd period - Slapshot by Scott Mayfield.
13:52 of 2nd period - Stopped by Ilya Sorokin without a rebound.
13:53 of 2nd period - Steven Stamkos wins face-off versus Drake Batherson in Senateurs zone.
13:59 of 2nd period - Icing by Timo Meier.
14:00 of 2nd period - Steven Stamkos wins face-off versus Timo Meier in Whalers zone.
14:01 of 2nd period - Snap shot by Jared McCann.
14:01 of 2nd period - Shot Misses the Net.
14:09 of 2nd period - Wrist shot by Vladimir Tarasenko.
14:09 of 2nd period - Stopped by Ilya Sorokin without a rebound.
14:10 of 2nd period - Steven Stamkos wins face-off versus Drake Batherson in Senateurs zone.
14:15 of 2nd period - Wrist shot by Timo Meier.
14:15 of 2nd period - Stopped by Ilya Sorokin with a rebound.
14:35 of 2nd period - Michael Anderson is hit by Max Pacioretty and loses puck.
14:52 of 2nd period - Scott Mayfield is hit by Logan Shaw.
15:47 of 2nd period - Snap shot by Andre Burakovsky.
15:47 of 2nd period - Shot Blocked by Sean Walker.
16:19 of 2nd period - Wrist shot by Timo Meier.
16:19 of 2nd period - Stopped by Ilya Sorokin with a rebound.
16:53 of 2nd period - Minor Penalty to Michael Anderson for Slashing.
16:54 of 2nd period - Shane Pinto wins face-off versus Colton Sissons in Senateurs zone.
17:08 of 2nd period - Colton Sissons is hit by Scott Mayfield.
17:58 of 2nd period - Shane Pinto is hit by Nick Holden and loses puck.
18:13 of 2nd period - Alexander Kerfoot is hit by Pierre-edouard Bellemare and loses puck.
18:53 of 2nd period - Penalty to Michael Anderson is over, Michael Anderson is back on ice.
Goals for this period are 0 for Senateurs vs 1 for Whalers.
Shots for this period are 7 for Senateurs vs 16 for Whalers.

3rd period


0:01 of 3rd period - Steven Stamkos wins face-off versus Shane Pinto in neutral zone.
0:06 of 3rd period - Slapshot by Andre Burakovsky.
0:06 of 3rd period - Shot Blocked by Jacob Middleton.
0:08 of 3rd period - Wrist shot by Jared McCann.
0:08 of 3rd period - Shot Misses the Net.
0:10 of 3rd period - Slapshot by Dougie Hamilton.
0:10 of 3rd period - Stopped by Jacob Markstrom without a rebound.
0:11 of 3rd period - Shane Pinto wins face-off versus Nicholas Paul in Whalers zone.
0:11 of 3rd period - Shane Pinto is hit by Nicholas Paul.
0:26 of 3rd period - Off-side.
0:27 of 3rd period - Steven Stamkos wins face-off versus Drake Batherson in neutral zone.
0:33 of 3rd period - Off-side.
0:34 of 3rd period - Steven Stamkos wins face-off versus Drake Batherson in neutral zone.
0:37 of 3rd period - Slapshot by Dougie Hamilton.
0:37 of 3rd period - Stopped by Jacob Markstrom with a rebound.
0:51 of 3rd period - Snap shot by Drake Batherson.
0:51 of 3rd period - Shot Blocked by Michael Anderson.
1:21 of 3rd period - Timo Meier is hit by Andre Burakovsky and loses puck.
1:57 of 3rd period - Snap shot by Timo Meier.
1:57 of 3rd period - Stopped by Ilya Sorokin with a rebound.
1:59 of 3rd period - Snap shot by Drake Batherson.
1:59 of 3rd period - Shot Misses the Net.
2:01 of 3rd period - Wrist shot by Timo Meier.
2:01 of 3rd period - Stopped by Ilya Sorokin without a rebound.
2:02 of 3rd period - Shane Pinto wins face-off versus Casey Cizikas in Senateurs zone.
2:15 of 3rd period - Artem Zub is hit by Shane Pinto.
2:27 of 3rd period - Max Pacioretty is hit by Colton Sissons and loses puck.
3:30 of 3rd period - Snap shot by Trevor Lewis.
3:30 of 3rd period - Shot Blocked by Jakub Voracek.
3:35 of 3rd period - Off-side.
3:36 of 3rd period - Logan Shaw wins face-off versus Shane Pinto in neutral zone.
4:01 of 3rd period - Colton Sissons is hit by Oskar Sundqvist.
4:07 of 3rd period - Slapshot by David Savard.
4:07 of 3rd period - Shot Blocked by Dougie Hamilton.
4:09 of 3rd period - Slapshot by Jacob Middleton.
4:09 of 3rd period - Deflect By Oskar Sundqvist.
4:09 of 3rd period - Stopped by Ilya Sorokin with a rebound.
4:11 of 3rd period - Wrist shot by Oskar Sundqvist.
4:11 of 3rd period - Shot Misses the Net.
4:27 of 3rd period - Wrist shot by Dougie Hamilton.
4:27 of 3rd period - Shot Misses the Net.
4:49 of 3rd period - Steven Stamkos is hit by Scott Mayfield and loses puck.
5:06 of 3rd period - Michael Anderson is hit by Scott Mayfield and loses puck.
5:41 of 3rd period - Wrist shot by Nicholas Paul.
5:41 of 3rd period - Shot Misses the Net.
5:43 of 3rd period - Slapshot by Michael Anderson.
5:43 of 3rd period - Stopped by Jacob Markstrom with a rebound.
5:45 of 3rd period - Snap shot by Nicholas Paul.
5:45 of 3rd period - Stopped by Jacob Markstrom with a rebound.
6:27 of 3rd period - Slapshot by Oskar Sundqvist.
6:27 of 3rd period - Stopped by Ilya Sorokin with a rebound.
7:07 of 3rd period - Snap shot by Nicholas Paul.
7:07 of 3rd period - Shot Blocked by Scott Mayfield.
7:29 of 3rd period - Snap shot by Reilly Smith.
7:29 of 3rd period - Goal by Reilly Smith - Senateurs : 2 - Whalers : 3.
7:30 of 3rd period - Colton Sissons wins face-off versus Shane Pinto in neutral zone.
7:33 of 3rd period - Snap shot by Jakub Voracek.
7:33 of 3rd period - Deflect By Colton Sissons.
7:33 of 3rd period - Stopped by Jacob Markstrom with a rebound.
7:40 of 3rd period - Off-side.
7:41 of 3rd period - Shane Pinto wins face-off versus Nicholas Paul in neutral zone.
7:51 of 3rd period - Icing by Nick Cicek.
7:52 of 3rd period - Shane Pinto wins face-off versus Casey Cizikas in Senateurs zone.
8:21 of 3rd period - Wrist shot by Vinni Lettieri.
8:21 of 3rd period - Shot Blocked by Oskar Sundqvist.
9:07 of 3rd period - Slapshot by Philipp Kurashev.
9:07 of 3rd period - Shot Misses the Net.
9:09 of 3rd period - Slapshot by Nick Cicek.
9:09 of 3rd period - Shot Blocked by Pierre-edouard Bellemare.
9:11 of 3rd period - Wrist shot by Eric Robinson.
9:11 of 3rd period - Shot Misses the Net.
9:41 of 3rd period - Max Pacioretty is hit by Evan Bouchard.
10:28 of 3rd period - Snap shot by Max Pacioretty.
10:28 of 3rd period - Stopped by Ilya Sorokin without a rebound.
10:29 of 3rd period - Steven Stamkos wins face-off versus Shane Pinto in Senateurs zone.
10:36 of 3rd period - Snap shot by Jared McCann.
10:36 of 3rd period - Shot Misses the Net.
10:38 of 3rd period - Snap shot by Jared McCann.
10:38 of 3rd period - Stopped by Jacob Markstrom with a rebound.
10:40 of 3rd period - Snap shot by Evan Bouchard.
10:40 of 3rd period - Stopped by Jacob Markstrom with a rebound.
10:42 of 3rd period - Wrist shot by Steven Stamkos.
10:42 of 3rd period - Shot Blocked by Justin Faulk.
10:44 of 3rd period - Snap shot by Nick Holden.
10:44 of 3rd period - Deflect By Shane Pinto.
10:44 of 3rd period - Stopped by Jacob Markstrom with a rebound.
10:46 of 3rd period - Snap shot by Evan Bouchard.
10:46 of 3rd period - Stopped by Jacob Markstrom without a rebound.
10:47 of 3rd period - Drake Batherson wins face-off versus Colton Sissons in Whalers zone.
10:52 of 3rd period - Nick Holden is hit by David Savard and loses puck.
11:37 of 3rd period - Nicholas Paul is hit by Pierre-edouard Bellemare and loses puck.
11:43 of 3rd period - Off-side.
11:44 of 3rd period - Colton Sissons wins face-off versus Drake Batherson in neutral zone.
12:25 of 3rd period - Shane Pinto is hit by Nicholas Paul and loses puck.
13:26 of 3rd period - Snap shot by Riley Nash.
13:26 of 3rd period - Stopped by Ilya Sorokin with a rebound.
13:34 of 3rd period - Kyle Burroughs is hit by Casey Cizikas and loses puck.
14:11 of 3rd period - Wrist shot by Trevor Lewis.
14:11 of 3rd period - Shot Misses the Net.
14:13 of 3rd period - Slapshot by Kyle Burroughs.
14:13 of 3rd period - Stopped by Ilya Sorokin with a rebound.
14:15 of 3rd period - Wrist shot by Ty Dellandrea.
14:15 of 3rd period - Shot Misses the Net.
14:17 of 3rd period - Slapshot by Sean Walker.
14:17 of 3rd period - Deflect By Jakub Voracek.
14:17 of 3rd period - Stopped by Ilya Sorokin without a rebound.
14:18 of 3rd period - Steven Stamkos wins face-off versus Drake Batherson in Senateurs zone.
14:50 of 3rd period - Slapshot by Dougie Hamilton.
14:50 of 3rd period - Stopped by Jacob Markstrom with a rebound.
14:52 of 3rd period - Slapshot by Michael Anderson.
14:52 of 3rd period - Deflect By Colton Sissons.
14:52 of 3rd period - Shot Misses the Net.
14:52 of 3rd period - Puck is out of play.
14:53 of 3rd period - Riley Nash wins face-off versus Logan Shaw in Whalers zone.
15:00 of 3rd period - Logan Shaw is hit by Max Pacioretty.
15:01 of 3rd period - Icing by Logan Shaw.
15:02 of 3rd period - Logan Shaw wins face-off versus Riley Nash in Senateurs zone.
15:31 of 3rd period - Snap shot by Philipp Kurashev.
15:31 of 3rd period - Shot Misses the Net.
15:33 of 3rd period - Wrist shot by Philipp Kurashev.
15:33 of 3rd period - Deflect By Logan Shaw.
15:33 of 3rd period - Stopped by Jacob Markstrom with a rebound.
16:19 of 3rd period - Slapshot by Max Pacioretty.
16:19 of 3rd period - Deflect By Oskar Sundqvist.
16:19 of 3rd period - Shot Blocked by Dougie Hamilton.
16:19 of 3rd period - Puck is out of play.
16:20 of 3rd period - Casey Cizikas wins face-off versus Drake Batherson in Senateurs zone.
16:22 of 3rd period - Icing by Alexander Kerfoot.
16:23 of 3rd period - Casey Cizikas wins face-off versus Drake Batherson in Senateurs zone.
18:35 of 3rd period - Vladimir Tarasenko is hit by Colton Sissons and loses puck.
19:02 of 3rd period - Senateurs, Ilya Sorokin is pulled from the net.
19:17 of 3rd period - Off-side.
19:18 of 3rd period - John Tortorella call a timeout for Senateurs.
19:18 of 3rd period - Steven Stamkos wins face-off versus Pierre-edouard Bellemare in neutral zone.
19:35 of 3rd period - Wrist shot by Steven Stamkos.
19:35 of 3rd period - Shot Blocked by Timo Meier.
Goals for this period are 0 for Senateurs vs 1 for Whalers.
Shots for this period are 11 for Senateurs vs 9 for Whalers.